 Dungeon Crawl Stone Soup version 0.29-a0-551-gffc1d7fb78 (webtiles) character file.

Game seed: 1914992989964892998

173910 oldriver the Bludgeoner (level 17, -11/151 HPs)
             Began as a Palentonga Delver on June 6, 2022.
             Was the Champion of Okawaru.
             Mangled by a naga warrior
             ... wielding a +0 halberd
              (34 damage)
             ... on level 2 of the Snake Pit.
             The game lasted 01:05:26 (29551 turns).

oldriver the Bludgeoner (Palentonga Delver)        Turns: 29551, Time: 01:05:27

Health: -11/151    AC: 37    Str: 26    XL:     17   Next: 44%
Magic:  19/26      EV:  9    Int: 12    God:    Okawaru [******]
Gold:   639        SH: 12    Dex: 12    Spells: 16/16 levels left

rFire   + . .      SeeInvis +   C - +7 flail of the Kissing Gods {vorpal, rC+ SInv}
rCold   + + .      Faith    .   t - +0 kite shield {reflect}
rNeg    + . .      Spirit   .   h - +1 scale mail {rF+}
rPois   +          Reflect  +   D - +2 helmet {SInv}
rElec   .          Harm     .   n - +1 cloak of the Devil's Team {rCorr Int-4 Slay+3}
rCorr   +          Rampage  .   A - +0 pair of gloves
Will    +....                   Y - +0 barding {rC+}
Stlth   ++........              k - amulet of regeneration
HPRegen 1.15/turn               V - ring of the Salamander {AC+4 Str+4 Int+4}
MPRegen 0.20/turn               U - ring "Ireasu" {rPois rN+}

@: heroic, finesse-ful, curled up
A: large, rugged brown scales 3, see invisible, deformed body, roll 1, armoured
tail, reflexive curl
a: Rolling Charge, Renounce Religion, Heroism, Finesse, Duel


You were on level 2 of the Snake Pit.
You worshipped Okawaru.
Okawaru was exalted by your worship.
You visited 5 branches of the dungeon, and saw 26 of its levels.
You visited 1 bazaar.
You also visited: Ice Cave and Volcano.

You collected 3389 gold pieces.
You spent 2750 gold pieces at shops.

Inventory:

Hand Weapons
 j - a +6 demon whip of protection
 C - the +7 flail of the Kissing Gods (weapon) {vorpal, rC+ SInv}
   (Okawaru gifted it to you on level 1 of the Snake Pit)

   It inflicts extra damage upon your enemies.
   rC:        It protects you from cold.
   SInv:      It lets you see invisible.
 E - the +11 great mace "Kianih" {freeze, Str+4}
   (Okawaru gifted it to you on level 11 of the Dungeon)

   It freezes those it strikes, dealing additional cold damage.
   It can also slow down cold-blooded creatures.
   Str:       It affects your strength (+4).
 T - the +10 hand crossbow "Forghosa" {penet, Contam rPois Str+2}
   (You found it on level 6 of the Lair of Beasts)

   Any ammunition fired by it passes through the targets it hits, potentially
   hitting all targets in its path until it reaches maximum range.
   Str:       It affects your strength (+2).
   rPois:     It protects you from poison.
   Contam:    It causes magical contamination when unequipped.
Missiles
 a - 10 datura-tipped darts
 p - 5 atropa-tipped darts
 I - 8 throwing nets
Armour
 h - a +1 scale mail of fire resistance (worn)
 n - the +1 cloak of the Devil's Team (worn) {rCorr Int-4 Slay+3}
   (Okawaru gifted it to you on level 2 of the Orcish Mines)

   Int:       It affects your intelligence (-4).
   Slay:      It affects your accuracy & damage with ranged weapons and melee
   (+3).
   rCorr:     It protects you from acid and corrosion.
 t - a +0 kite shield of reflection (worn)
 v - +0 gold dragon scales
 A - a +0 pair of gloves (worn)
 D - a +2 helmet of see invisible (worn)
 L - the +0 leather armour of Ozecyc {rC++ Int+2 Dex+3}
   (You found it on level 8 of the Dungeon)

   Int:       It affects your intelligence (+2).
   Dex:       It affects your dexterity (+3).
   rC:        It greatly protects you from cold.
 Q - a +2 leather armour of willpower
 Y - a +0 barding of cold resistance (worn)
Jewellery
 e - the ring of Circularity {rF++ MP+9 Dex-2 Slay+2 Stlth+}
   (You acquired it on level 5 of the Dungeon)

   [ring of magical power]

   Dex:       It affects your dexterity (-2).
   Slay:      It affects your accuracy & damage with ranged weapons and melee
   (+2).
   rF:        It greatly protects you from fire.
   MP:        It affects your magic capacity (+9).
   Stlth:     It makes you more stealthy.
 k - an amulet of regeneration (around neck)
 l - the ring "Uxeac" {rPois Dex+6}
   (You bought it in a shop on level 1 of the Snake Pit)

   [ring of dexterity]

   Dex:       It affects your dexterity (+6).
   rPois:     It protects you from poison.
 H - a ring of willpower
 K - a +4 ring of evasion
 P - a ring of flight
 R - the amulet "Elecw" {Spirit rElec Slay+2}
   (You found it in an ice cave)

   [amulet of guardian spirit]

   It causes incoming damage to be divided between your reserves of health and
   magic.
   Slay:      It affects your accuracy & damage with ranged weapons and melee
   (+2).
   rElec:     It insulates you from electricity.
 U - the ring "Ireasu" (right hand) {rPois rN+}
   (You bought it in a shop on level 5 of the Dungeon)

   [ring of poison resistance]

   rPois:     It protects you from poison.
   rN:        It protects you from negative energy.
 V - the ring of the Salamander (left hand) {AC+4 Str+4 Int+4}
   (You bought it in a shop on level 5 of the Dungeon)

   [ring of protection]

   AC:        It affects your AC (+4).
   Str:       It affects your strength (+4).
   Int:       It affects your intelligence (+4).
Wands
 b - a wand of mindburst (35)
 g - a wand of digging (6)
 B - a wand of iceblast (8)
 W - a wand of flame (26)
Scrolls
 c - 9 scrolls of fog
 m - 11 scrolls of teleportation
 r - 3 scrolls of fear
 w - 3 scrolls of magic mapping
 x - 3 scrolls of blinking
 J - 2 scrolls of amnesia
 X - a scroll of silence
Potions
 d - 6 potions of brilliance
 f - 5 potions of haste
 i - 4 potions of cancellation
 o - 7 potions of heal wounds
 q - 3 potions of invisibility
 s - 3 potions of magic
 u - 2 potions of might
 z - 2 potions of ambrosia
 F - 4 potions of mutation
 G - 4 potions of lignification
 M - 2 potions of berserk rage
 O - 6 potions of curing
 S - 3 potions of resistance
Miscellaneous
 y - a lightning rod (4/4)
 Z - a tin of tremorstones (2/2)


   Skills:
 + Level 15.6(20.6) Fighting
 - Level 2.5(17.0) Axes
 - Level 17.9(23.0) Maces & Flails
 + Level 10.3(15.3) Armour
 - Level 5.0(10.0) Dodging
 - Level 3.5(8.5) Stealth
 + Level 9.4(14.4) Shields
 - Level 12.0 Invocations


You had 16 spell levels left.
You didn't know any spells.
Your spell library contained the following spells:

 Spells                   Type           Power      Damage    Failure   Level
 Apportation              Tloc           0%         N/A       67%         1
 Beastly Appendage        Tmut           0%         N/A       67%         1
 Freeze                   Ice            0%         1d3       67%         1
 Magic Dart               Conj           0%         1d3       67%         1
 Necrotize                Necr           0%         1d4       67%         1
 Sting                    Tmut/Pois      0%         1d3       67%         1
 Poisonous Vapours        Pois/Air       0%         N/A       80%         2
 Scorch                   Fire           0%         2d5       80%         2
 Searing Ray              Conj           0%         2d4       80%         2
 Wereblood                Tmut           0%         N/A       80%         2
 Frozen Ramparts          Ice            0%         1d2       95%         3
 Portal Projectile        Hex/Tloc       0%         N/A       95%         3
 Spider Form              Tmut/Pois      0%         N/A       95%         3
 Corpse Rot               Necr/Pois/Air  0%         N/A       100%        4
 Dispel Undead            Necr           0%         3d6       100%        4
 Flame Wave               Conj/Fire      0%         2d4       100%        4
 Fulminant Prism          Conj/Hex       0%         3d6       100%        4
 Hailstorm                Conj/Ice       0%         3d3       100%        4
 Olgreb's Toxic Radiance  Pois           0%         N/A       100%        4
 Alistair's Intoxication  Tmut/Pois      0%         N/A       100%        5
 Blade Hands              Tmut           0%         N/A       100%        5
 Freezing Cloud           Conj/Ice/Air   0%         6-21      100%        5
 Iskenderun's Battlesphe  Conj           0%         2d6       100%        5
 Iron Shot                Conj/Erth      0%         9d1       100%        6
 Ozocubu's Refrigeration  Ice            0%         4d5       100%        7
 Ignition                 Fire           0%         3d3       100%        8
 Polar Vortex             Ice            0%         N/A       100%        9
 Summon Small Mammal      Summ           Unusable   N/A       N/A         1
 Call Canine Familiar     Summ           Unusable   N/A       N/A         3
 Summon Guardian Golem    Hex/Summ       Unusable   N/A       N/A         3
 Tukima's Dance           Hex            Unusable   N/A       N/A         3
 Death Channel            Necr           Unusable   N/A       N/A         6
 Simulacrum               Ice/Necr       Unusable   N/A       N/A         6
 Summon Cactus Giant      Summ           Unusable   N/A       N/A         6
 Spellforged Servitor     Conj/Summ      Unusable   N/A       N/A         7

Dungeon Overview and Level Annotations

Branches:
Dungeon (15/15)            Temple (1/1) D:6            Lair (6/6) D:11
 Shoals (0/4) Lair:2        Snake (2/4) Lair:3        Slime (0/5) Lair:6
    Orc (2/2) D:10            Elf (0/3) Orc:2        Vaults (0/5) D:14
 Depths (0/4) D:15          IceCv (visited)         Volcano (visited)

Altars:
Ashenzari
Cheibriados
Dithmenos
Elyvilon
Fedhas
Gozag
Hepliaklqana
Kikubaaqudgha
Makhleb
Nemelex Xobeh
Okawaru
Qazlal
Ru
Sif Muna
Trog
Uskayaw
Vehumet
Wu Jian
Xom
Yredelemnul
Zin
The Shining One
Beogh
Jiyva
Lugonu

Shops:
D:3 !   D:5 :*=:   D:6 *   D:7 [*   D:10 *   D:13 [   Orc:2 (!![   Snake:1 [*:

Portals:
Abyss: Lair:6

Annotations:
D:3 1 runed translucent door, spaghetti's ghost, amateur OgBe
Lair:6 1 runed translucent door


Innate Abilities, Weirdness & Mutations

You are completely covered in rugged brown scales. (AC +3, +7% HP)
You have supernaturally acute eyesight. (SInv)
Armour fits poorly on your strangely shaped body.
You can roll at nearby foes to attack.
You have a long armoured tail.
You curl defensively after being hit. (AC +7*)


Message History

You resist. The naga warrior constricts you.
The naga warrior hits you with a +0 halberd.
You block the naga warrior's attack. The naga warrior constricts you.
You thump the naga warrior!
The naga warrior is heavily wounded.
You block the naga warrior's attack.
The naga warrior hits you with a +2 flail of holy wrath!!
The naga warrior constricts you.
You gain the combat prowess of a mighty hero.
You feel sick. The naga warrior spits poison at you.
Your +0 kite shield of reflection reflects the splash of poison!
The splash of poison hits the naga warrior.
You block the naga warrior's attack. The naga warrior constricts you.
The salamander mystic barely misses you.
You block the naga warrior's attack.
You can now deal lightning-fast blows.
You feel sick.
The naga warrior roars a battlecry!
The naga warrior goes into a battle-frenzy!
The naga warrior constricts you. The naga warrior barely misses you.
The salamander mystic hits you with a +0 dagger.
You are engulfed in flames!
You resist. You block the naga warrior's attack.
The naga warrior constricts you.
You hit the salamander mystic.
The salamander mystic is lightly wounded.
You feel sick.
The naga warrior hits you with a +0 halberd!!
* * * LOW HITPOINT WARNING * * *
You block the salamander mystic's attack.
Unknown command.
As you read the scroll of fear, it crumbles to dust.
You assume a fearsome visage.
The naga warrior looks frightened!
The salamander mystic looks frightened!
The naga warrior resists with almost no effort.
You feel sick.
You are no longer poisoned.
The naga warrior loses its grip on you.
The naga warrior hits you with a +0 halberd!!
You die...

.......#....##.##....#,,* *,,*
...##*,#...##...##...#,,* **,**
....##*#...#.....'...#,,* *,,*
.....###...#....##...#,,* ***,*
...........#...##....#,,***,,,*
.##.......##...#....##,,**,,,,*
.###......##..##....#,,,**,,,,*
..##.....###..#....##,,,*,,,,,*
...##..### #..#.@N##,,,,*,,,***
...#.....###..#.N.'.....*,,,*
..........##..#N..##...#*,,,*
..........##..#....#*.##,,,,*
......[...##..##....#**,,,,**
...........#..##......,,,,,*
...........#..###......,,,**
...........#..# *##....,***
.##........#..########***


You could see 2 naga warriors and a salamander mystic (strong, fleeing).

Vanquished Creatures
  A golden dragon (IceCv)
  Rupert (Lair:6)
  Agnes (Snake:2)
  A fire dragon (D:15)
  3 boulder beetles
  6 ice dragons
  4 vault guards (D:14)
  5 hydras
  4 ogre magi
  A catoblepas (D:14)
  4 centaur warriors
  5 anacondas (Snake:1)
  21 two-headed ogres
  2 death knights
  3 naga warriors
  A naga sharpshooter (Snake:2)
  3 thrashing horrors (Lair:6)
  Urug (Lair:2)
  A hell knight (Volcano)
  2 shock serpents
  A sun demon (Volcano)
  Amaemon (D:11)
  A skeletal warrior (D:15)
  5 sea snakes (Snake:1)
  4 naga ritualists
  An orange crystal statue (IceCv)
  2 phantasmal warriors
  3 harpies (D:14)
  2 orc knights
  5 mana vipers
  A deep elf pyromancer (D:14)
  6 cyclopes
  9 ugly things
  3 salamanders
  5 elephants (Lair:2)
  23 black mambas
  2 smoke demons (Lair:6)
  8 naga magi
  10 cane toads
  2 molten gargoyles (Volcano)
  A merfolk siren (Lair:2)
  6 storm dragon simulacra (IceCv)
  An orange demon (D:11)
  2 unseen horrors
  2 guardian serpents
  Maggie (D:6)
  2 cane toads (shapeshifter)
  12 komodo dragons
  2 efreet
  A tengu conjurer (D:14)
  8 golden dragon simulacra (IceCv)
  A freezing wraith (D:14)
  A red devil (Volcano)
  6 trolls
  A merfolk (Lair:2)
  2 polar bears
  An ancient zyme (Lair:6)
  4 meliai
  A hornet (shapeshifter) (Lair:6)
  7 dream sheep
  Prince Ribbit (D:7)
  5 slime creatures (D:12)
  21 blink frogs
  A centaur simulacrum (D:14)
  2 large abominations (Lair:6)
  A ynoxinul (Lair:6)
  4 wyverns
  5 wraiths
  2 spriggans
  A shadow (D:12)
  40 yaks
  2 fire bats (Volcano)
  11 basilisks
  2 golden eyes (shapeshifter)
  2 steam dragons
  2 chaos spawn (Lair:6)
  8 vampire mosquitoes
  Menkaure (D:6)
  4 wargs
  An acid dragon (D:13)
  25 water moccasins
  20 nagas
  13 small abominations (Lair:6)
  3 hell hounds (Volcano)
  13 orc warriors
  2 ice dragon simulacra (IceCv)
  3 black bears
  5 centaurs
  30 wolves
  30 ogres
  3 phantoms
  Blork the orc (D:6)
  A kobold brigand (D:9)
  2 necrophages
  3 gnoll sergeants
  11 bullfrogs
  3 scorpions
  10 wights
  8 killer bees
  5 lindwurm simulacra (IceCv)
  7 electric eels
  5 lava snakes (Volcano)
  3 hounds
  22 orc priests
  3 jellies
  Crazy Yiuf (D:4)
  2 gnoll shamans (D:7)
  5 iguanas
  20 orc wizards
  6 hell rats (Lair:6)
  4 adders
  26 gnolls
  A shadow imp (D:6)
  3 white imps
  2 ufetubi (D:6)
  2 worms
  3 dart slugs
  56 orcs
  6 ball pythons
  5 bats
  7 endoplasms
  3 giant cockroaches
  11 goblins
  4 hobgoblins
  4 jackals (D:7)
  A quokka (D:3)
  3 frilled lizards
  9 kobolds
  3 rats
760 creatures vanquished.

Vanquished Creatures (others)
  An ugly thing (D:14)
  5 dream sheep (D:9)
  15 fungi
  26 plants
  A withered plant (D:14)
48 creatures vanquished.

Grand Total: 808 creatures vanquished

Notes
Turn   | Place    | Note
-------+----------+-------------------------------------------
     0 | D:5      | oldriver the Palentonga Delver began the quest for the Orb.
     0 | D:5      | Reached XP level 1. HP: 19/19 MP: 1/1
    41 | D:5      | Found Ofitut's Book Shop.
    88 | D:5      | Noticed an iguana
    94 | D:5      | Noticed a black bear
   435 | D:2      | Reached XP level 2. HP: 12/25 MP: 2/2
  1090 | D:1      | Found a faded altar of an unknown god.
  1396 | D:1      | Reached XP level 3. HP: 31/31 MP: 3/3
  2064 | D:2      | Found a shadowy altar of Dithmenos.
  2084 | D:2      | Reached skill level 1 in Maces & Flails
  2953 | D:3      | Reached XP level 4. HP: 37/39 MP: 4/4
  3066 | D:3      | Found a runed translucent door.
  3208 | D:3      | Noticed spaghetti's ghost (amateur OgBe)
  3355 | D:3      | Found Vebiel Waus's Distillery.
  3751 | D:4      | Reached skill level 2 in Maces & Flails
  3815 | D:3      | Reached XP level 5. HP: 38/44 MP: 5/5
  4227 | D:4      | Found a runed translucent door.
  4228 | D:4      | Noticed Crazy Yiuf
  4240 | D:4      | Killed Crazy Yiuf
  4241 | D:4      | Reached skill level 3 in Maces & Flails
  4286 | D:4      | Identified the +4 mace "Ageb" {freeze, Fly Int+2 SInv}
  4408 | D:5      | Killed a black bear
  4409 | D:5      | Reached skill level 5 in Fighting
  4409 | D:5      | Reached skill level 1 in Shields
  4409 | D:5      | Reached XP level 6. HP: 54/54 MP: 6/6
  4556 | D:5      | Found Lagraworr's Jewellery Shop.
  4559 | D:5      | Found Tyujoyb's Book Shop.
  4560 | D:5      | Found Utaloff's Assorted Antiques.
  4579 | D:5      | Bought an ancient robe for 165 gold pieces
  4579 | D:5      | Identified the +1 robe "Erraheb" {Dex+3} (You bought it in
                  | a shop on level 5 of the Dungeon)
  5237 | D:5      | Reached skill level 4 in Maces & Flails
  5381 | D:6      | Gained mutation: You curl defensively after being hit. (AC
                  | +7*) [Palentonga growth]
  5381 | D:6      | Reached XP level 7. HP: 59/59 MP: 7/7
  5411 | D:6      | Noticed Menkaure
  5428 | D:6      | Killed Menkaure
  5436 | D:6      | Found a staircase to the Ecumenical Temple.
  5509 | Temple   | Entered the Ecumenical Temple
  5674 | Temple   | Became a worshipper of Warmaster Okawaru
  5713 | D:6      | Noticed Blork the orc
  5725 | D:6      | Killed Blork the orc
  5831 | D:6      | Noticed Maggie
  5839 | D:6      | Killed Maggie
  5840 | D:6      | Reached XP level 8. HP: 65/69 MP: 8/8
  5870 | D:6      | Found Diasofu's Desiderata Depot.
  6069 | D:6      | Reached * piety under Okawaru
  6494 | D:7      | Found Xidec's Antique Armour Emporium.
  6498 | D:7      | Reached skill level 5 in Shields
  6502 | D:7      | Bought a shiny helmet for 202 gold pieces
  6615 | D:7      | Noticed Prince Ribbit
  6628 | D:7      | Killed Prince Ribbit
  6648 | D:7      | Reached XP level 9. HP: 51/81 MP: 9/9
  6814 | D:7      | Reached ** piety under Okawaru
  6970 | D:7      | Reached skill level 10 in Fighting
  7083 | D:7      | Reached *** piety under Okawaru
  7221 | D:7      | Found Abiz Dich's General Store.
  7904 | D:7      | Reached skill level 1 in Invocations
  7907 | D:7      | Reached skill level 5 in Maces & Flails
  7942 | D:8      | Reached XP level 10. HP: 91/95 MP: 10/10
  7943 | D:8      | Reached skill level 1 in Armour
  7945 | D:8      | Reached **** piety under Okawaru
  8167 | D:8      | Identified the +0 leather armour of Ozecyc {rC++ Int+2
                  | Dex+3}
  8515 | D:8      | Reached skill level 6 in Maces & Flails
  8873 | D:9      | Noticed a two-headed ogre
  8883 | D:9      | Killed a two-headed ogre
  8925 | D:9      | Found a shimmering altar of Xom.
  8988 | D:9      | Reached skill level 7 in Maces & Flails
  9328 | D:10     | Entered Level 10 of the Dungeon
  9341 | D:10     | Reached ***** piety under Okawaru
  9430 | D:10     | Found a staircase to the Orcish Mines.
  9791 | D:10     | Found Biasal's Assorted Antiques.
  9818 | D:9      | Reached XP level 11. HP: 83/102 MP: 14/14
  9888 | D:10     | Bought a scroll labelled BUSAYTSOIRR for 23 gold pieces
 10284 | D:11     | Reached skill level 8 in Maces & Flails
 10324 | D:11     | Noticed a purple ugly thing
 10338 | D:11     | Killed a purple ugly thing
 10347 | D:11     | Reached skill level 5 in Invocations
 10490 | D:11     | Noticed a purple ugly thing
 10640 | D:11     | Noticed a boulder beetle
 10674 | D:11     | Killed a boulder beetle
 10817 | Orc:1    | Entered Level 1 of the Orcish Mines
 10912 | Orc:1    | Found a dark tunnel.
 10925 | Volcano  | Entered a volcano
 11256 | Volcano  | Found a radiant altar of Vehumet.
 11256 | Volcano  | Noticed a sun demon
 11279 | Volcano  | Killed a sun demon
 11279 | Volcano  | Received a gift from Okawaru
 11287 | Volcano  | Reached skill level 9 in Maces & Flails
 11394 | Volcano  | Noticed a hell knight
 11409 | Volcano  | Killed a hell knight
 11567 | Volcano  | Received a gift from Okawaru
 12379 | D:11     | Killed a purple ugly thing
 12379 | D:11     | Identified the +11 great mace "Kianih" {freeze, Str+4}
                  | (Okawaru gifted it to you on level 11 of the Dungeon)
 12379 | D:11     | Received a gift from Okawaru
 12453 | D:11     | Found a staircase to the Lair.
 12548 | D:11     | Noticed Amaemon
 12559 | D:11     | Killed Amaemon
 12811 | D:11     | Noticed a six-headed hydra
 12818 | D:11     | Killed a six-headed hydra
 12819 | D:11     | Reached skill level 10 in Maces & Flails
 12819 | D:11     | Reached skill level 5 in Armour
 12883 | D:11     | Reached XP level 12. HP: 81/112 MP: 15/17
 13102 | Lair:1   | Entered Level 1 of the Lair of Beasts
 13541 | Lair:1   | Reached skill level 11 in Maces & Flails
 13615 | Lair:1   | Noticed a six-headed hydra
 13620 | Lair:1   | Killed a six-headed hydra
 13620 | Lair:1   | Received a gift from Okawaru
 14500 | Lair:2   | Noticed Urug
 14504 | Lair:2   | Killed Urug
 14540 | Lair:2   | Reached skill level 12 in Maces & Flails
 14624 | Lair:2   | Identified the +4 shortbow of Kicziler {venom, rElec Will+
                  | Dex+4}
 14714 | Lair:2   | Found a staircase to the Shoals.
 14788 | Lair:2   | Received a gift from Okawaru
 14804 | Lair:2   | Found a shimmering altar of Xom.
 14804 | Lair:2   | Reached ****** piety under Okawaru
 14912 | Lair:2   | Reached skill level 13 in Maces & Flails
 15454 | D:5      | Bought the ring of the Salamander {AC+4 Str+4 Int+4} for
                  | 777 gold pieces
 15701 | Lair:3   | Reached XP level 13. HP: 106/118 MP: 19/19
 15970 | Lair:3   | Found a staircase to the Snake Pit.
 16531 | Lair:3   | Received a gift from Okawaru
 17661 | Lair:5   | Reached skill level 14 in Maces & Flails
 17730 | Lair:5   | Reached skill level 10 in Invocations
 18171 | Lair:6   | Entered Level 6 of the Lair of Beasts
 18398 | Lair:6   | Found a runed translucent door.
 18399 | Lair:6   | Found a viscous altar of Jiyva.
 18400 | Lair:6   | Found a staircase to the Slime Pits.
 18400 | Lair:6   | Noticed an acid blob
 18457 | Lair:6   | Noticed Rupert
 18473 | Lair:6   | Killed Rupert
 19048 | Lair:6   | Reached XP level 14. HP: 89/126 MP: 21/21
 19074 | Lair:6   | Identified the +4 barding of Okawaru's Favour {+Blink rF-
                  | Str-3 Int+7} (Okawaru gifted it to you on level 6 of the
                  | Lair of Beasts)
 19074 | Lair:6   | Received a gift from Okawaru
 19343 | Lair:6   | Reached skill level 5 in Dodging
 19363 | Lair:6   | Reached skill level 15 in Maces & Flails
 19453 | Lair:6   | Found a corrupted altar of Lugonu.
 19453 | Lair:6   | Found a one-way gate to the infinite horrors of the Abyss.
 19796 | Lair:6   | Identified the +10 hand crossbow "Forghosa" {penet, Contam
                  | rPois Str+2}
 20124 | Orc:2    | Entered Level 2 of the Orcish Mines
 20332 | Orc:2    | Found a staircase to the Elven Halls.
 20624 | Orc:2    | Received a gift from Okawaru
 20835 | Orc:1    | Reached skill level 16 in Maces & Flails
 21487 | Orc:2    | Found Utecaargh's Armour Boutique.
 21487 | Orc:2    | Found Doilluxt's Distillery.
 21488 | Orc:2    | Found Qout's Distillery.
 21488 | Orc:2    | Found Wymawnei's Weapon Shop.
 21496 | Orc:2    | Bought a potion of heal wounds for 90 gold pieces
 21496 | Orc:2    | Bought a potion of heal wounds for 90 gold pieces
 21498 | Orc:2    | Bought a potion of heal wounds for 65 gold pieces
 21814 | Orc:2    | Identified the +1 cloak of the Devil's Team {rCorr Int-4
                  | Slay+3} (Okawaru gifted it to you on level 2 of the Orcish
                  | Mines)
 21814 | Orc:2    | Received a gift from Okawaru
 23038 | D:13     | Reached XP level 15. HP: 132/132 MP: 24/24
 23423 | D:13     | Found Zudehue's Armour Shop.
 23627 | D:14     | Found a shadowy altar of Dithmenos.
 23643 | D:14     | Reached skill level 17 in Maces & Flails
 23892 | D:14     | Found a gate to the Vaults.
 24110 | D:14     | Received a gift from Okawaru
 24358 | D:5      | Bought the ring "Ireasu" {rPois rN+} for 405 gold pieces
 24365 | D:5      | Identified 2 scrolls of acquirement
 24365 | D:5      | Acquired the ring of Circularity {rF++ MP+9 Dex-2 Slay+2
                  | Stlth+}
 24369 | D:5      | Acquired a +3 demon whip of flaming
 24572 | D:15     | Entered Level 15 of the Dungeon
 24978 | D:15     | Found a staircase to the Depths.
 25084 | D:15     | Found a flickering gateway to a bazaar.
 25091 | Bazaar   | Entered a bazaar
 25091 | Bazaar   | Found Pyrraiji's Assorted Antiques.
 25091 | Bazaar   | Found Piniexy's Antique Armour Shoppe.
 25091 | Bazaar   | Found Reamohonyu's Weapon Shop.
 25099 | Bazaar   | Found Pioci's Assorted Antiques.
 25099 | Bazaar   | Found Ymoestet's Jewellery Shop.
 25134 | Bazaar   | Bought a scroll labelled ERAMOPL MOWI for 18 gold pieces
 25144 | Bazaar   | Bought a potion of heal wounds for 90 gold pieces
 25789 | Snake:1  | Entered Level 1 of the Snake Pit
 25915 | Snake:1  | Found Dithus's Armour Emporium.
 26025 | Snake:1  | Found Vavucus's Assorted Antiques.
 26026 | Snake:1  | Found Voicvad's Book Emporium.
 26031 | Snake:1  | Bought a bound platinum ring for 165 gold pieces
 26031 | Snake:1  | Identified the ring "Uxeac" {rPois Dex+6} (You bought it in
                  | a shop on level 1 of the Snake Pit)
 26031 | Snake:1  | Bought a scroll of brand weapon for 660 gold pieces
 26384 | Snake:1  | Received a gift from Okawaru
 26947 | Snake:1  | Identified the +7 flail of the Kissing Gods {vorpal, rC+
                  | SInv} (Okawaru gifted it to you on level 1 of the Snake
                  | Pit)
 26947 | Snake:1  | Received a gift from Okawaru
 26948 | Snake:1  | Reached XP level 16. HP: 143/143 MP: 25/25
 27636 | Snake:2  | Noticed Agnes
 27646 | Snake:2  | Killed Agnes
 27673 | Snake:2  | Identified the +6 mace "Faubaac" {flame, Will- Str+7 Dex+2}
 27695 | Snake:2  | Reached skill level 15 in Fighting
 27706 | Snake:2  | Reached skill level 10 in Armour
 27797 | Snake:2  | Found a frozen archway.
 27820 | IceCv    | Entered an ice cave
 28104 | IceCv    | Reached XP level 17. HP: 151/151 MP: 26/26
 28168 | IceCv    | Received a gift from Okawaru
 28684 | IceCv    | Noticed a golden dragon
 28868 | IceCv    | Killed a golden dragon
 29130 | IceCv    | Identified the amulet "Elecw" {Spirit rElec Slay+2}
 29551 | Snake:2  | Mangled by a naga warrior

Illustrated notes

Levels and vault maps discovered:
D:1:      dpeg_arrival_leaves_temple_mockup, layout_loops_ring,
          basic_ecumenical_altar, minmay_strange_pillars
D:2:      layout_loops_corners, basic_altar, minmay_tromino_mix6
D:3:      layout_loops_ring, ebering_ghost_sewer_d, serial_shops,
          nicolae_lakefront_shop, nicolae_figureground_pulse
D:4:      layout_cave_pools, dk_vineyard_3, uniq_crazy_yiuf_cottage
D:5:      layout_cave_pools, serial_co_window_serial, co_window_corner_a,
          co_window_corner_a, co_window_paths_b, co_window_paths_a,
          co_window_corner_a, co_window_unsneaky_path_c, co_window_broadway_b,
          co_window_broadway_c, co_window_corner_b, co_window_broadway_c,
          co_window_4corner_b, co_window_sun, glass_columns_a, glass_columns_a,
          glass_columns_c, glass_columns_a, glass_columns_a,
          minmay_shop_grid_forest
D:6:      layout_rooms, temple_fountains, grunt_ministairs_6,
          nicolae_alphabet_shops, chequers_serial_rivers_micro_d,
          dk_noncrumbling_2, uniq_blork_the_orc, uniq_menkaure, uniq_maggie
D:7:      layout_cave_pools, serial_gnoll_camp, gnoll_camp_mini_shop,
          gnoll_camp_mini_doghouse, gnoll_camp_mini_loothouse,
          gnoll_camp_medium_01, serial_shops, shop_statue,
          dreamdust_gnoll_shepherd, uniq_prince_ribbit1
D:8:      layout_rooms
D:9:      layout_cave_pools, kb_xom_exploding_sheep
D:10:     layout_cave_pools, david_orc_1_choice, nicolae_stop_n_shop_2
D:11:     layout_irregular_city, erik_lair_orcish_takeover, serial_rivers,
          chequers_serial_rivers_room_b, chequers_serial_rivers_micro_b,
          chequers_serial_rivers_marsh, chequers_serial_rivers_micro_d,
          chequers_serial_rivers_room_a, chequers_serial_rivers_micro_e,
          uniq_amaemon
D:12:     layout_stronghold
D:13:     layout_gridville, serial_shops, nicolae_shop_statue_plus
D:14:     layout_rooms, lightli_vaults_fourway_checkpoint,
          nicolae_dithmenos_shadow_blocks, argonaut_gorgonesque
D:15:     grunt_enter_depths_hoard, layout_basic, serial_shops, freezing_bzr
Temple:   kilobyte_greek_temple
Lair:1:   layout_layer_cave, grunt_megastairs_3
Lair:2:   layout_hall_layers, elwin_shoals_entry_rooms, basic_altar, uniq_urug
Lair:3:   layout_roguey, minmay_snake_entry_six_corridors, grunt_megastairs_2,
          serial_bayou_shore_a, serial_bayou_shore_b
Lair:4:   layout_cave_pods, infiniplex_staircase_pool_2, grunt_megastairs_5
Lair:5:   layout_long_grid, grunt_forest_stairs_clearing
Lair:6:   hellmonk_lair_end_abyssal_woods, layout_hall_layers, slime_altar_2,
          uniq_rupert
Snake:1:  layout_basic, nicolae_snake_gridmaze_zigzag,
          nrook_guardian_serpent_double, minmay_shop_star
Snake:2:  layout_onion_interference, portal_ice_cave_entry_pillars_three,
          nicolae_snake_serpentine_hallways, drop_trap, uniq_agnes
Orc:1:    layout_diamond_mine, nicolae_volcano_entry_two_sided
Orc:2:    st_orc_ogre_mass, layout_caves, statue_in_the_mist_lemuel,
          minmay_orc_temple_a

Skill      XL: |  1  2  3  4  5  6  7  8  9 10 11 12 13 14 15 16 17 |
---------------+----------------------------------------------------+-----
Dodging        | 2 4 5 |  5.0
Maces & Flails | 1 2 3 4 5 7 10 13 14 16 17 | 17.9
Fighting       | 4 5 6 9 12 13 14 15 | 15.6
Shields        | 1 2 4 5 6 8 9 |  9.4
Invocations    | 1 4 6 9 10 12 | 12.0
Armour         | 3 5 6 8 9 10 | 10.3
Axes           | |  2.5
Stealth        | |  3.5

Action                   |  1- 3 |  4- 6 |  7- 9 | 10-12 | 13-15 | 16-18 || total
-------------------------+-------+-------+-------+-------+-------+-------++-------
Melee: Hand axe          |    41 |       |       |       |       |       ||    41
       Tailslap          |    10 |    13 |    43 |   102 |   144 |    51 ||   363
       Flail             |    82 |    60 |       |       |       |   163 ||   305
       Punch             |     3 |       |       |       |       |       ||     3
       Mace              |       |    29 |   251 |   467 |       |       ||   747
       Great mace        |       |       |       |   165 |   712 |       ||   877
       Demon whip        |       |       |       |       |   168 |   121 ||   289
Invok: Heroism           |       |       |     1 |    13 |    11 |     6 ||    31
       Finesse           |       |       |       |     2 |     3 |     4 ||     9
 Abil: Rolling Charge    |    21 |    18 |    27 |    82 |   133 |    27 ||   308
Evoke: Wand              |     1 |       |       |     1 |     2 |       ||     4
       Lightning rod     |       |       |       |     3 |     2 |       ||     5
  Use: Scroll            |     7 |     5 |     2 |    11 |    18 |     2 ||    45
       Potion            |       |     2 |     2 |    14 |       |     3 ||    21
 Stab: Sleeping          |       |       |     1 |       |     1 |       ||     2
       Distracted        |       |       |     1 |       |     1 |       ||     2
Armor: Leather armour    |    56 |    23 |       |   367 |   361 |   105 ||   912
       Robe              |       |     6 |   133 |    17 |       |       ||   156
       Scale mail        |       |       |       |     1 |   131 |    47 ||   179
Dodge: Dodged            |    68 |    44 |   128 |   237 |   316 |    71 ||   864
Block: Buckler           |       |     9 |    94 |   106 |       |       ||   209
       Kite shield       |       |       |       |       |    51 |   127 ||   178
       Reflection        |       |       |       |       |     2 |     4 ||     6

Table legend: (Time is in decaauts)
 A = Elapsed time spent in this place.
 B = Non-inter-level travel time spent in this place.
 C = Inter-level travel time spent in this place.
 D = Time resting spent in this place.
 E = Time spent auto-exploring this place.
 F = Levels seen in this place.
 G = Mean time per level.
                   A        B        C        D        E       F      G
               +--------+--------+--------+--------+--------+-----+--------+
         Total |  29482 |  26707 |   2775 |   5003 |  15363 |  29 | 1016.6 |
       Dungeon |  15855 |  13926 |   1929 |   2308 |   8341 |  15 | 1057.0 |
        Temple |    203 |    135 |     68 |      0 |    129 |   1 |  203.0 |
          Lair |   6686 |   6142 |    544 |    813 |   4120 |   6 | 1114.3 |
     Snake Pit |   2253 |   2217 |     36 |    692 |   1032 |   2 | 1126.5 |
  Orcish Mines |   2249 |   2053 |    196 |    339 |   1030 |   2 | 1124.5 |
        Bazaar |     79 |     79 |      0 |      0 |     38 |   1 |   79.0 |
      Ice Cave |   1358 |   1358 |      0 |    653 |    429 |   1 | 1358.0 |
       Volcano |    795 |    795 |      0 |    198 |    243 |   1 |  795.0 |
               +--------+--------+--------+--------+--------+-----+--------+

Top non-repeatable levels by time:
 Snake:1: 1776 daAuts
  Lair:6: 1749 daAuts
     D:7: 1573 daAuts
    D:11: 1491 daAuts
  Lair:1: 1430 daAuts
     D:5: 1366 daAuts
   IceCv: 1358 daAuts
    D:10: 1283 daAuts
     D:3: 1273 daAuts
   Orc:1: 1272 daAuts
     D:1: 1214 daAuts
     D:2: 1155 daAuts
  Lair:3: 1040 daAuts
    D:12: 1032 daAuts
     D:6: 1019 daAuts
